Map: King Sejong Station LE

Players

EJK

  • Race: Terran Terran
  • League: Grandmaster

KingRaze - Winner!

  • Race: Terran Terran
  • League: Grandmaster

Event: Cheesadelphia Summer 2016

VOD

Have the link to the VOD?

Description

Time

  • Played on: July 23, 2016, 4:35 p.m.
  • Length: 11:57

All games in this series

Show
View Real Time Build Order
Export as new Build Order

EJK Terran 

Build Orders: Reaper Expand, MMM Bio 

Get SALT Encoding   

  12  0:00  SCV  
  13  0:12  SCV  
  14  0:17  Supply Depot  
  14  0:25  SCV  
  15  0:39  SCV  
  15  0:41  Barracks  
  16  0:44  Refinery  
  16  0:51  SCV  
  17  1:03  SCV  
  18  1:15  SCV  
  19  1:28  Orbital Command  
  19  1:31  Reaper  
  20  1:43  Command Center  
  20  1:55  SCV  
  20  1:56  Supply Depot  
  21  2:03  Marine  
  22  2:11  SCV  
  23  2:18  Refinery  
  23  2:20  Factory  
  23  2:23  SCV  
  23  2:27  Barracks Reactor  
  24  2:35  SCV  
  25  2:47  SCV  
  26  2:55  Orbital Command  
  26  2:59  SCV  
  26  3:04  Hellion, Marine x2  
  26  3:05  Starport  
  31  3:11  Engineering Bay, SCV  
  32  3:22  Marine x2  
  32  3:26  Factory Tech Lab  
  34  3:28  SCV  
  34  3:29  SCV  
  36  3:36  Supply Depot  
  36  3:40  Marine x2  
  38  3:43  Viking  
  39  3:51  Cyclone  
  43  3:58  Missile Turret  
  43  4:02  Missile Turret  
  43  4:03  SCV  
  44  4:10  Marine  
  44  4:12  Missile Turret, Marine  
  46  4:18  SCV  
  47  4:24  Siege Tank  
  48  4:34  Supply Depot  
  48  4:35  SCV  
  48  4:36  SCV  
  50  4:41  Viking  
  52  4:48  SCV x2  
  54  4:55  Marine  
  54  4:56  Siege Tank  
  59  5:00  Supply Depot  
  59  5:04  SCV  
  59  5:05  SCV  
  60  5:17  SCV x2  
  60  5:21  Command Center  
  62  5:29  SCV x2  
  62  5:32  Barracks  
  62  5:33  Stimpack  
  60  5:37  Factory Tech Lab  
  60  5:39  Viking, Marauder  
  60  5:42  SCV x2  
  66  5:50  Barracks  
  66  5:54  SCV x2  
  60  6:05  Marine, Siege Tank  
  60  6:06  SCV  
  60  6:07  SCV  
  64  6:18  SCV  
  55  6:19  SCV  
  55  6:22  Viking, Marine  
  55  6:23  Marine, Marauder  
  60  6:30  Barracks  
  60  6:33  Barracks  
  60  6:37  Siege Tank, Orbital Command  
  62  6:40  Marine x2  
  62  6:44  Marine x2  
  60  6:47  Liberator  
  60  6:49  SCV  
  60  6:50  SCV  
  42  6:58  Marine  
  42  7:01  SCV  
  38  7:02  SCV  
  38  7:04  Terran Infantry Weapons Level 1  
  38  7:06  SCV  
  43  7:09  Barracks Reactor  
  43  7:13  SCV  
  43  7:14  SCV  
  45  7:17  Marine x2  
  45  7:18  SCV  
  45  7:19  Marine  
  45  7:21  Marine  
  45  7:22  Marine  
  51  7:25  SCV  
  51  7:26  SCV  
  53  7:31  SCV  
  53  7:35  Marine x2  
  56  7:37  Combat Shields, SCV  
  56  7:38  SCV  
  58  7:49  Marine x2  
  58  7:50  Marine x3  
  63  7:52  Marine  
  63  7:53  Marine  
  65  8:02  SCV  
  65  8:03  SCV  
  64  8:07  Marine x2  
  64  8:08  Marine x3  
  64  8:10  Siege Tank  
  67  8:19  Marine x2  
  68  8:23  SCV  
  68  8:26  Marine x2  
  55  8:27  Marine  
  55  8:30  SCV  
  43  8:41  Marine  
  43  8:42  Siege Tank  
  43  8:45  SCV  
  43  8:47  Marine  
  40  8:51  SCV  
  38  8:59  Marine, SCV x2  
  41  9:03  Marine  
  41  9:05  Marine  
  43  9:10  SCV  
  44  9:19  Marine  
  44  9:23  SCV x3  
  47  9:24  Marine  
  47  9:25  Marine  
  47  9:26  Marine  
  47  9:30  Refinery  
  50  9:33  Refinery  
  50  9:35  SCV x2  
  50  9:37  SCV  
  53  9:40  Medivac  
  53  9:48  Marine x3  
  53  9:49  Marine  
  53  9:50  SCV x2  
  57  10:07  Marine x3  
  57  10:08  Orbital Command  
  60  10:15  Medivac  
  60  10:16  SCV  
  60  10:20  Marine x2  
  60  10:21  Marine  
  64  10:23  Marine  
  64  10:25  Marine  
  64  10:26  Marine  
  64  10:28  SCV x2  
  59  10:30  Siege Tank  
  59  10:33  Marine  
  59  10:34  Orbital Command  
  59  10:35  Refinery  
  64  10:38  Marine x2  
  64  10:39  Marine  
  64  10:40  SCV x2  
  64  10:41  Marine  
  70  10:43  Marine  
  71  10:52  SCV x2  
  73  11:01  SCV  
  73  11:04  Marine x2, SCV  
  73  11:05  Marine, SCV  
  73  11:06  Marine x3  
  73  11:07  Marine  
  81  11:13  SCV  
  81  11:16  SCV  
  81  11:17  SCV  
  84  11:22  Marine  
  84  11:24  Medivac  
  84  11:25  Marine x2  
  85  11:26  SCV  
  85  11:28  SCV  
  85  11:29  SCV  
  66  11:38  SCV  
Show
View Real Time Build Order
Export as new Build Order

KingRaze Terran - Winner!

Build Orders: 1/1/1, Bio Tank 

Get SALT Encoding   

  12  0:00  SCV  
  13  0:13  SCV  
  14  0:17  Supply Depot  
  14  0:25  SCV  
  14  0:28  Refinery  
  15  0:38  SCV  
  16  0:45  Barracks  
  16  0:51  SCV  
  17  1:03  SCV  
  18  1:15  SCV  
  19  1:32  Factory, Orbital Command  
  19  1:33  Marine  
  20  1:41  Supply Depot  
  20  1:51  Marine  
  21  1:57  SCV  
  21  2:00  Refinery  
  22  2:09  Marine, SCV  
  24  2:17  Factory Tech Lab, Starport  
  24  2:21  SCV  
  25  2:26  Marine  
  25  2:27  Supply Depot  
  26  2:33  SCV  
  27  2:44  Marine  
  27  2:45  SCV  
  29  2:58  SCV  
  30  3:00  Command Center  
  30  3:03  Raven  
  32  3:10  Marine, SCV  
  34  3:13  Factory Tech Lab  
  34  3:22  Supply Depot, SCV  
  35  3:28  Barracks Reactor  
  36  3:34  SCV  
  36  3:41  Siege Tank  
  36  3:46  SCV  
  36  3:48  Viking  
  42  3:53  Supply Depot  
  42  3:58  SCV  
  43  4:07  Marine x2  
  45  4:10  SCV  
  45  4:12  Orbital Command  
  46  4:17  Siege Tank  
  46  4:22  SCV  
  50  4:24  Viking  
  50  4:30  Supply Depot  
  50  4:31  Marine x2  
  53  4:34  SCV  
  53  4:38  SCV  
  56  4:46  SCV  
  56  4:49  Siege Tank  
  56  4:50  SCV  
  61  4:55  Barracks  
  61  4:58  SCV  
  61  4:59  Marine, Refinery  
  63  5:01  Viking  
  63  5:06  SCV  
  66  5:11  SCV  
  66  5:12  Supply Depot  
  67  5:17  Barracks, Marine  
  67  5:19  Engineering Bay  
  68  5:22  Stimpack  
  68  5:25  SCV  
  69  5:37  Siege Tank  
  69  5:38  Marine  
  69  5:39  SCV  
  69  5:40  SCV  
  69  5:42  Supply Depot  
  75  5:44  Marine x2  
  75  5:45  Starport Reactor  
  75  5:49  Refinery  
  77  5:56  Terran Infantry Weapons Level 1, Marine  
  78  6:01  Marine  
  78  6:02  Marine  
  74  6:04  SCV  
  74  6:14  Marine  
  74  6:15  SCV  
  74  6:16  SCV  
  78  6:21  Marine  
  78  6:22  Barracks Reactor  
  78  6:23  Medivac  
  78  6:27  SCV  
  78  6:28  SCV  
  78  6:30  Marine  
  78  6:31  Marine  
  82  6:36  Command Center, Barracks  
  82  6:37  Supply Depot, Barracks  
  82  6:45  Marine  
  83  6:53  Marine  
  83  6:54  Marine, Medivac x2  
  74  6:55  Siege Tank  
  74  6:57  SCV  
  74  6:59  SCV  
  76  7:03  Marine x2  
  76  7:04  Marine  
  78  7:10  Sensor Tower  
  78  7:11  Marine x2  
  81  7:15  SCV x2  
  81  7:20  Marine  
  81  7:21  Marine  
  81  7:22  Supply Depot  
  84  7:23  Combat Shields  
  84  7:27  Siege Tank  
  87  7:32  Marine  
  88  7:42  Barracks Reactor x2, Marine x2  
  90  7:48  Planetary Fortress  
  90  7:50  SCV  
  90  7:59  Siege Tank  
  90  8:00  Marine  
  90  8:03  Terran Infantry Armor Level 1  
  94  8:09  Marine x4  
  94  8:10  Medivac  
  99  8:15  SCV x2  
  99  8:17  Supply Depot, Marine  
  101  8:22  Marine  
  101  8:23  Marine x3  
  101  8:27  Marine  
  94  8:34  Siege Tank  
  98  8:35  Marine x4  
  98  8:40  Marine  
  98  8:41  SCV x3  
  104  8:42  Marine x3  
  104  8:44  Marine, Factory  
  101  8:53  Marine x2, SCV x2  
  101  8:54  Marine  
  101  8:55  Medivac x2, SCV  
  107  8:59  Supply Depot  
  107  9:00  Refinery  
  108  9:05  SCV x2  
  108  9:07  Marine  
  108  9:08  Marine  
  108  9:09  Marine x4  
  116  9:11  Missile Turret  
  116  9:14  Missile Turret  
  116  9:19  Armory  
  116  9:20  Engineering Bay, SCV x2  
  118  9:27  Siege Tank  
  118  9:28  Factory Tech Lab  
  121  9:32  Refinery  
  121  9:35  Barracks  
  121  9:36  Factory  
  121  9:48  Command Center  
  121  9:50  Marine x6  
  127  9:58  Marine x2, Siege Tank  
  132  10:04  Medivac x2  
  132  10:05  Marine  
  137  10:08  Marine x4  
  137  10:12  Supply Depot  
  141  10:21  Marine  
  130  10:29  Barracks Reactor, Marine x2  
  130  10:30  Marine x3  
  130  10:31  Factory Tech Lab  
  130  10:32  Siege Tank  
  138  10:35  SCV  
  138  10:36  Supply Depot  
  138  10:37  SCV  
  138  10:40  Marine  
  141  10:48  SCV x2  
  141  10:49  SCV  
  144  10:56  Medivac, Siege Tank  
  149  11:05  Planetary Fortress  
  149  11:07  Marine x5  
  149  11:10  Missile Turret  
  149  11:11  Marine x2  
  154  11:23  Marine  
  147  11:28  Marine  
Tags
 
Add a new tag
Caveats
  • Supply blocks, unpowered buildings, or Contaminate may cause inaccurate times.
  • Supply counts are checked every 10 seconds.